[Event "New York Summer IM-C 2022"]
[Site "New York"]
[Date "2022.07.08"]
[Round "1.1"]
[White "Bortnyk, Mykola"]
[Black "Huston, Gus"]
[Result "1-0"]
[ECO "E09"]
[WhiteElo "2463"]
[BlackElo "2282"]
[Annotator "TA"]
[PlyCount "119"]
[EventDate "2022.07.08"]
[EventType "tourn"]
[EventCountry "USA"]
[SourceTitle "playchess.com"]
[Source "ChessBase"]
[SourceQuality "1"]
[TimeControl "5400+30"]

1. d4 Nf6 2. Nf3 e6 3. c4 d5 4. g3 Be7 5. Bg2 O-O 6. O-O Nbd7 7. Qc2 c6 8. Nbd2 b6 9. e4 Bb7 10. e5 Ne8 11. cxd5 cxd5 12. Nb1 {[%emt 0:00:30] E09: Closed Catalan: Main Line: 7 Qc2 c6 8 Nbd2.} b5 {[%emt 0:00:30] [#]} 13. h4 $146 ({Predecessor:} 13. a3 a5 14. Nc3 b4 15. axb4 axb4 16. Rxa8 Qxa8 17. Ne2 Ba6 18. Re1 Qb7 19. b3 Bxe2 20. Qxe2 {½-½ (32) Kalaiyalahan,A (2288)-Mitra,R (2073) Bournemouth 2016}) 13... Qc7 14. Qb3 {[%emt 0:00:30] White is slightly better.} Qc4 15. Nbd2 ({White should try} 15. Bg5 $16 Bxg5 16. hxg5) 15... Qxb3 (15... Qc6 $11 {keeps the balance.}) 16. Nxb3 $16 a5 17. Bg5 f6 18. exf6 gxf6 19. Bh6 Ng7 20. Rfe1 Rfe8 21. Bxg7 {White is more active.} Kxg7 22. Rxe6 a4 23. Nc1 ({Weaker is} 23. Rae1 axb3 24. axb3 (24. Rxe7+ Rxe7 25. Rxe7+ Kf8 $17) 24... Kf7 $17) 23... Bf8 24. Rxe8 Rxe8 25. Nd3 Bd6 26. Bh3 Nb6 27. Nc5 Bc8 28. Bf1 b4 29. Bb5 Re7 30. Nxa4 Nxa4 31. Bxa4 Re2 32. Bb3 Rxb2 33. Bxd5 Bg4 34. Kg2 Bc7 35. Re1 {[%emt 0:00:30] Black must now prevent Re7+.} Kf8 {[%emt 0:00:30] Inhibits Re7.} 36. Re4 h5 37. Nh2 Bf5 {[%emt 0:00:30] [#]} (37... Bd7 $142 38. Nf1 Bb8) 38. Re3 $1 {[%emt 0:00:30] And now Rf3 would win.} Bd8 39. a3 Bc2 40. axb4 Rxb4 41. Be4 Bd1 42. d5 Bb6 43. Re1 Bb3 44. Bf3 Bc4 45. Nf1 Rb5 46. d6 {[%emt 0:00:30] Hoping for d7.} Bxf1+ (46... Rb2 {was worth a try.}) 47. Rxf1 $18 {[%emt 0:00:30][%mdl 4096] Endgame KRB-KRB} Kf7 48. Rd1 Rb2 $2 (48... Ke6 49. d7 Ke7) 49. Bxh5+ Ke6 50. d7 Rxf2+ 51. Kh3 Bd8 52. Be8 {[%emt 0:00:30] h5 is the strong threat.} f5 (52... Rf5 $142 53. Bg6 Re5) 53. h5 f4 54. h6 fxg3 55. Re1+ Kf5 56. Kxg3 {[%emt 0:00:30] White mates.} Rd2 57. h7 Bc7+ 58. Kf3 Rh2 59. Rc1 Bd8 {[%emt 0:00:30] [#]} 60. Bh5 $1 {[%emt 0:00:30][%mdl 512] Weighted Error Value: White=0.17 (very precise) /Black=0.43} 1-0

[Event "New York Summer IM-C 2022"]
[Site "New York"]
[Date "2022.07.08"]
[Round "1.2"]
[White "Le, Nguyen Khoi Nguyen"]
[Black "Poliannikov, Danila"]
[Result "0-1"]
[ECO "C52"]
[WhiteElo "2001"]
[BlackElo "2309"]
[Annotator "RC"]
[PlyCount "74"]
[EventDate "2022.07.08"]
[EventType "tourn"]
[EventCountry "USA"]
[SourceTitle "playchess.com"]
[Source "ChessBase"]
[SourceQuality "1"]
[TimeControl "5400+30"]

1. e4 e5 2. Nf3 Nc6 3. Bc4 Bc5 4. b4 Bxb4 5. c3 Ba5 6. d4 Bb6 7. Ng5 Nh6 8. a4 O-O 9. h4 d6 10. Bd5 exd4 11. Nf3 dxc3 12. Bxh6 gxh6 13. Nxc3 Qf6 14. Ne2 Bg4 15. Ra3 Ne5 16. Ng3 c6 17. Ba2 Nxf3+ 18. gxf3 Qb2 19. Qd2 Qxd2+ 20. Kxd2 Be6 21. Bxe6 fxe6 22. Ke2 Bc5 23. Rb3 Rab8 24. Rhb1 b6 25. Nh5 Kf7 26. f4 Rg8 27. Kf3 d5 28. Ng3 Be7 29. exd5 cxd5 30. Rc3 Rgc8 31. Rbc1 Rc5 32. Kg4 Rbc8 33. Rxc5 bxc5 34. Kh5 c4 35. Kxh6 Ba3 36. Rg1 c3 37. Ne2 c2 0-1

[Event "New York Summer IM-C 2022"]
[Site "New York"]
[Date "2022.07.08"]
[Round "1.3"]
[White "Hardaway, Brewington"]
[Black "Rozman, Levy"]
[Result "*"]
[ECO "B12"]
[WhiteElo "2175"]
[BlackElo "2333"]
[Annotator "RC"]
[PlyCount "61"]
[EventDate "2022.07.08"]
[EventType "tourn"]
[EventCountry "USA"]
[SourceTitle "playchess.com"]
[Source "ChessBase"]
[SourceQuality "1"]
[TimeControl "5400+30"]

1. e4 c6 2. d4 d5 3. e5 Bf5 4. h4 a6 5. g4 Bd7 6. Nc3 c5 7. dxc5 e6 8. Be3 Qc7 9. Nf3 Bxc5 10. Bxc5 Qxc5 11. Qd2 Ne7 12. O-O-O b5 13. a3 b4 14. axb4 Qxb4 15. Ne2 Qa4 16. Qd4 Qa1+ 17. Kd2 Qa5+ 18. Qc3 Qb6 19. Ned4 Nbc6 20. Qb3 Qc7 21. Qc3 O-O 22. g5 Rfc8 23. Nb3 Qa7 24. Ke1 Rab8 25. Bd3 Nb4 26. Qd2 Nxd3+ 27. Qxd3 Bb5 28. Qd2 Ba4 29. Kf1 Rc5 30. c3 Rxc3 31. Qc2 *

[Event "New York Summer IM-C 2022"]
[Site "New York"]
[Date "2022.07.08"]
[Round "1.4"]
[White "Adewumi, Tanitoluwa"]
[Black "Asavasaetakul, Chawit"]
[Result "1-0"]
[ECO "B13"]
[WhiteElo "2309"]
[BlackElo "1948"]
[Annotator "RC"]
[PlyCount "95"]
[EventDate "2022.07.08"]
[EventType "tourn"]
[EventCountry "USA"]
[SourceTitle "playchess.com"]
[Source "ChessBase"]
[SourceQuality "1"]
[TimeControl "5400+30"]

1. e4 c6 2. d4 d5 3. exd5 cxd5 4. Bd3 Nc6 5. c3 Nf6 6. Bf4 Bg4 7. Qb3 Qd7 8. Nd2 e6 9. Ngf3 Bxf3 10. Nxf3 Bd6 11. Bxd6 Qxd6 12. O-O O-O 13. Rfe1 Rab8 14. a4 Rfc8 15. Ne5 Nd7 16. f4 g6 17. Re3 Nf8 18. Qd1 f6 19. Ng4 Kg7 20. Qf3 f5 21. Ne5 Nxe5 22. fxe5 Qe7 23. Qe2 h5 24. Rf1 Nh7 25. Rd1 Ng5 26. Qf1 a6 27. c4 dxc4 28. Bxc4 b5 29. axb5 axb5 30. Bb3 Ne4 31. Qf4 g5 32. Qf3 Kh6 33. Qe2 Rb6 34. Bc2 Rbc6 35. Bxe4 fxe4 36. Qxb5 Rc1 37. Qf1 Rf8 38. Rxc1 Rxf1+ 39. Rxf1 Qb4 40. Rxe4 h4 41. Rf6+ Kh5 42. h3 Qxb2 43. Rg4 Qa2 44. Kh2 Qb3 45. Rf8 Qe3 46. Rh8+ Kg6 47. Rhxh4 Qd2 48. Rg3 1-0

[Event "New York Summer IM-C 2022"]
[Site "New York"]
[Date "2022.07.08"]
[Round "1.5"]
[White "Nakada, Akira"]
[Black "Martin Del Campo Cardenas, Roberto Abel"]
[Result "1-0"]
[ECO "A34"]
[WhiteElo "2297"]
[BlackElo "2245"]
[Annotator "RC"]
[PlyCount "69"]
[EventDate "2022.07.08"]
[EventType "tourn"]
[EventCountry "USA"]
[SourceTitle "playchess.com"]
[Source "ChessBase"]
[SourceQuality "1"]
[TimeControl "5400+30"]

1. c4 Nf6 2. Nc3 d6 3. e4 c5 4. Nf3 Nc6 5. d4 Bg4 6. d5 Nd4 7. Be3 Bxf3 8. gxf3 g6 9. Bg2 Bg7 10. O-O O-O 11. Ne2 Nh5 12. Ng3 Nxg3 13. hxg3 a6 14. b4 b6 15. Rb1 e6 16. f4 exd5 17. cxd5 Re8 18. g4 Nb5 19. Qd3 Qc8 20. bxc5 bxc5 21. f5 c4 22. Qd2 Nc3 23. Rb6 Nxe4 24. Qc2 gxf5 25. Rc6 Qd7 26. Qxc4 f4 27. Bc1 Nc3 28. Bf3 Re4 29. Qd3 Rc8 30. Rxc8+ Qxc8 31. Bxe4 Qxg4+ 32. Bg2 Ne2+ 33. Kh1 Ng3+ 34. fxg3 fxg3 35. Qf5 1-0

[Event "New York Summer IM-C 2022"]
[Site "New York"]
[Date "2022.07.08"]
[Round "2.1"]
[White "Huston, Gus"]
[Black "Martin Del Campo Cardenas, Roberto Abel"]
[Result "0-1"]
[ECO "B52"]
[WhiteElo "2282"]
[BlackElo "2245"]
[Annotator "RC"]
[PlyCount "122"]
[EventDate "2022.07.08"]
[EventType "tourn"]
[EventCountry "USA"]
[SourceTitle "playchess.com"]
[Source "ChessBase"]
[SourceQuality "1"]
[TimeControl "5400+30"]

1. e4 c5 2. Nf3 d6 3. Bb5+ Bd7 4. Bxd7+ Qxd7 5. O-O Nc6 6. c3 Nf6 7. d4 cxd4 8. cxd4 d5 9. e5 Ne4 10. Ne1 f6 11. f3 Ng5 12. Be3 e6 13. Nc3 Be7 14. Nd3 fxe5 15. Nxe5 Nxe5 16. dxe5 O-O 17. f4 Nf7 18. h3 b6 19. Rc1 Rac8 20. Bd4 Nd8 21. Kh2 Nc6 22. Ne2 Nxd4 23. Qxd4 Qb5 24. Qd2 Bb4 25. Qd1 Rxc1 26. Nxc1 Bd2 27. f5 d4 28. Qe2 Qxe2 29. Nxe2 Rxf5 30. Rd1 Bf4+ 31. Nxf4 Rxf4 32. Kg3 g5 33. Rc1 h5 34. Rc7 h4+ 35. Kh2 Rf7 36. Rc8+ Rf8 37. Rc2 Kg7 38. g3 hxg3+ 39. Kxg3 Kg6 40. h4 Rd8 41. hxg5 Kxg5 42. Kf2 d3 43. Rd2 Kf4 44. Ke1 Kxe5 45. Rh2 d2+ 46. Kd1 Rd7 47. Re2+ Kf5 48. Rf2+ Kg4 49. Re2 Rd6 50. b4 b5 51. Re5 a6 52. a4 Kf4 53. Rc5 bxa4 54. Ra5 e5 55. Rxa4 e4 56. Ra1 Kf3 57. Ra5 e3 58. Rf5+ Ke4 59. Rf1 Kd3 60. Rf3 Rf6 61. b5 Rxf3 0-1

[Event "New York Summer IM-C 2022"]
[Site "New York"]
[Date "2022.07.08"]
[Round "2.2"]
[White "Asavasaetakul, Chawit"]
[Black "Nakada, Akira"]
[Result "0-1"]
[ECO "B13"]
[WhiteElo "1948"]
[BlackElo "2297"]
[Annotator "RC"]
[PlyCount "96"]
[EventDate "2022.07.08"]
[EventType "tourn"]
[EventCountry "USA"]
[SourceTitle "playchess.com"]
[Source "ChessBase"]
[SourceQuality "1"]
[TimeControl "5400+30"]

1. e4 c6 2. d4 d5 3. exd5 cxd5 4. Bd3 Nc6 5. c3 Qc7 6. Ne2 Bg4 7. O-O e6 8. f3 Bh5 9. Bf4 Bd6 10. Bxd6 Qxd6 11. Ng3 Bg6 12. f4 Bxd3 13. Qxd3 Nf6 14. Nd2 O-O 15. Qe3 b5 16. Nf3 b4 17. Ne5 bxc3 18. bxc3 Ne7 19. Rfb1 Rab8 20. Rb3 h5 21. h4 Rb6 22. Rab1 Rfb8 23. Qd3 g6 24. Qc2 Kg7 25. Rxb6 Rxb6 26. Rxb6 Qxb6 27. Qb3 Qc7 28. Qb4 Nc8 29. a4 Nd6 30. a5 Nfe4 31. Ne2 Qc8 32. Nd3 Qa6 33. Nec1 Nc4 34. Nb3 Nxa5 35. Ndc5 Nxc5 36. Nxc5 Qb6 37. Qxb6 axb6 38. Nd7 Nc4 39. Kf2 f6 40. Kf3 Kf7 41. Nb8 Ke7 42. Nc6+ Kd7 43. Nb4 Nd6 44. g4 Ne4 45. gxh5 gxh5 46. Na2 Nd6 47. Kg3 Kc6 48. Nb4+ Kb5 0-1

[Event "New York Summer IM-C 2022"]
[Site "New York"]
[Date "2022.07.08"]
[Round "2.3"]
[White "Rozman, Levy"]
[Black "Adewumi, Tanitoluwa"]
[Result "0-1"]
[ECO "B44"]
[WhiteElo "2333"]
[BlackElo "2309"]
[Annotator "RC"]
[PlyCount "72"]
[EventDate "2022.07.08"]
[EventType "tourn"]
[EventCountry "USA"]
[SourceTitle "playchess.com"]
[Source "ChessBase"]
[SourceQuality "1"]
[TimeControl "5400+30"]

1. e4 c5 2. Nf3 e6 3. d4 cxd4 4. Nxd4 Nc6 5. Bf4 d6 6. Nxc6 bxc6 7. c4 Rb8 8. Qc2 Qf6 9. Bc1 Ne7 10. Nc3 c5 11. Be3 Nc6 12. O-O-O Bd7 13. Nb5 Nb4 14. Qb1 Rb6 15. h4 Be7 16. a3 Na6 17. Qc2 h5 18. Rh3 g6 19. Bg5 Qe5 20. Bd2 O-O 21. Ba5 Rb7 22. g3 Qg7 23. Bc3 Qh6+ 24. Bd2 Qg7 25. f4 d5 26. Bc3 d4 27. Bd2 Nb8 28. e5 a6 29. Nd6 Bxd6 30. exd6 e5 31. Rh2 Bf5 32. Bd3 e4 33. Bxe4 d3 34. Bxd3 Bxd3 35. Qc3 Qxc3+ 36. Bxc3 Bxc4 0-1

[Event "New York Summer IM-C 2022"]
[Site "New York"]
[Date "2022.07.08"]
[Round "2.4"]
[White "Poliannikov, Danila"]
[Black "Hardaway, Brewington"]
[Result "1/2-1/2"]
[ECO "C42"]
[WhiteElo "2309"]
[BlackElo "2175"]
[Annotator "RC"]
[PlyCount "103"]
[EventDate "2022.07.08"]
[EventType "tourn"]
[EventCountry "USA"]
[SourceTitle "playchess.com"]
[Source "ChessBase"]
[SourceQuality "1"]
[TimeControl "5400+30"]

1. e4 e5 2. Nf3 Nf6 3. Nxe5 d6 4. Nf3 Nxe4 5. Nc3 Nxc3 6. dxc3 Be7 7. Be3 Nd7 8. Qd2 O-O 9. O-O-O c6 10. Bd3 d5 11. Rhe1 Nc5 12. Nd4 Bf6 13. f3 a5 14. Bf1 Ne6 15. Kb1 Bd7 16. c4 Nc7 17. a3 b6 18. Bf4 c5 19. Nb3 d4 20. Bd3 Ne6 21. Bg3 g6 22. Be4 Ra7 23. Bd5 Ng7 24. Bd6 Re8 25. g4 Be6 26. Bxe6 Qxd6 27. Bd5 Be5 28. Re4 Rae7 29. f4 Bf6 30. Rxe7 Bxe7 31. f5 g5 32. Re1 Bf6 33. Rxe8+ Nxe8 34. Qe2 Qe5 35. Qxe5 Bxe5 36. h3 Bf4 37. c3 dxc3 38. bxc3 Nf6 39. Kc2 Kf8 40. Kd3 Ke7 41. Na1 h5 42. Bf3 hxg4 43. hxg4 Nd7 44. Be2 Ne5+ 45. Ke4 Kd6 46. a4 Bd2 47. Nc2 Bxc3 48. Ne3 Nd7 49. Nd5 Bf6 50. Bd1 Bd8 51. Be2 Ne5 52. Nc3 1/2-1/2

[Event "New York Summer IM-C 2022"]
[Site "New York"]
[Date "2022.07.08"]
[Round "2.5"]
[White "Bortnyk, Mykola"]
[Black "Le, Nguyen Khoi Nguyen"]
[Result "1-0"]
[ECO "D35"]
[WhiteElo "2463"]
[BlackElo "2001"]
[Annotator "RC"]
[PlyCount "55"]
[EventDate "2022.07.08"]
[EventType "tourn"]
[EventCountry "USA"]
[SourceTitle "playchess.com"]
[Source "ChessBase"]
[SourceQuality "1"]
[TimeControl "5400+30"]

1. d4 Nf6 2. Nf3 e6 3. c4 d5 4. Nc3 Be7 5. Bf4 c6 6. e3 O-O 7. Qc2 Nbd7 8. cxd5 exd5 9. Bd3 Re8 10. O-O Nf8 11. Rab1 Ng6 12. Bg3 Bd6 13. b4 Bxg3 14. hxg3 Qd6 15. b5 Bd7 16. Rfc1 Rec8 17. bxc6 Bxc6 18. Bf5 Bd7 19. Bxg6 hxg6 20. Rxb7 Bf5 21. Qb2 Rab8 22. Ne2 Rxc1+ 23. Nxc1 Rc8 24. Ne5 Ng4 25. Ncd3 f6 26. Nxg4 Bxd3 27. Rxa7 Qc6 28. Qb4 1-0

[Event "New York Summer IM-C 2022"]
[Site "New York"]
[Date "2022.07.09"]
[Round "3.1"]
[White "Le, Nguyen Khoi Nguyen"]
[Black "Huston, Gus"]
[Result "0-1"]
[ECO "C88"]
[WhiteElo "2001"]
[BlackElo "2282"]
[Annotator "RC"]
[PlyCount "132"]
[EventDate "2022.07.08"]
[EventType "tourn"]
[EventCountry "USA"]
[SourceTitle "playchess.com"]
[Source "ChessBase"]
[SourceQuality "1"]
[TimeControl "5400+30"]

1. e4 e5 2. Nf3 Nc6 3. Bb5 a6 4. Ba4 Nf6 5. O-O Be7 6. Re1 b5 7. Bb3 O-O 8. a4 Bb7 9. d3 d6 10. Bd2 Nd4 11. Nxd4 exd4 12. Na3 Qd7 13. c3 dxc3 14. bxc3 c5 15. Bc2 Rfe8 16. d4 d5 17. e5 Ne4 18. f3 Nxd2 19. Qxd2 b4 20. cxb4 cxb4 21. Nb1 Rac8 22. Qd3 g6 23. Bb3 Rc7 24. Ra2 Rec8 25. Rf2 Rc1 26. Rff1 Bg5 27. Rxc1 Rxc1 28. Rxc1 Bxc1 29. Kf2 Bg5 30. Qc2 Bc6 31. Nd2 Qa7 32. Qd3 Bf4 33. Ke2 a5 34. g3 Bb7 35. Bxd5 Bxd5 36. gxf4 Qb6 37. Ke3 Qc6 38. Qb5 Qxb5 39. axb5 a4 40. Kd3 Kf8 41. b6 a3 42. Kc2 Ke7 43. Nb3 Bxf3 44. Nc5 Kd8 45. b7 Kc7 46. Na6+ Kxb7 47. Nxb4 Kb6 48. Kb3 Kb5 49. Kxa3 Kc4 50. Na6 Kxd4 51. Nc7 Bg4 52. Kb4 Bd7 53. Na6 h5 54. h4 Ke3 55. Kc5 Kxf4 56. Kd6 Be6 57. Nc5 Ba2 58. Nb7 Kf5 59. Nd8 Bb3 60. Nc6 Kg4 61. Ke7 Kxh4 62. Nd8 g5 63. Nxf7 g4 64. Kf6 g3 65. Ng5 Kg4 66. Ne4 g2 0-1

[Event "New York Summer IM-C 2022"]
[Site "New York"]
[Date "2022.07.09"]
[Round "3.2"]
[White "Hardaway, Brewington"]
[Black "Bortnyk, Mykola"]
[Result "1-0"]
[ECO "B08"]
[WhiteElo "2175"]
[BlackElo "2463"]
[Annotator "RC"]
[PlyCount "157"]
[EventDate "2022.07.08"]
[EventType "tourn"]
[EventCountry "USA"]
[SourceTitle "playchess.com"]
[Source "ChessBase"]
[SourceQuality "1"]
[TimeControl "5400+30"]

1. e4 Nc6 2. Nf3 d6 3. d4 Nf6 4. Nc3 g6 5. Be2 Bg7 6. O-O O-O 7. h3 e5 8. dxe5 Nxe5 9. Nxe5 dxe5 10. Qxd8 Rxd8 11. Bg5 c6 12. Rad1 Rxd1 13. Rxd1 Be6 14. a3 h6 15. Be3 Bf8 16. Bf1 b5 17. f3 Nd7 18. a4 a6 19. axb5 axb5 20. Ne2 Ra2 21. Rb1 f6 22. Kf2 Kf7 23. Nc1 Ra8 24. Ne2 h5 25. g4 h4 26. Nc1 g5 27. c3 Bd6 28. Be2 Ke7 29. Ke1 Bf7 30. Kd2 Nc5 31. Kc2 Ne6 32. Bf1 b4 33. Nb3 Ra4 34. Bg1 Ra2 35. Nc1 Ra8 36. Nb3 Rb8 37. Ra1 Rb7 38. Na5 Rc7 39. Bb6 Rc8 40. Ba6 b3+ 41. Kd2 Ra8 42. Bb7 Rh8 43. Nxc6+ Kd7 44. Ra7 Bc7 45. Nb4 Kd6 46. Be3 Nf4 47. Ra6+ Kd7 48. Bxf4 exf4 49. Bd5 Bxd5 50. Nxd5 Be5 51. Kd3 Rb8 52. Kc4 Ke8 53. Ra7 Kf8 54. Ra6 Kf7 55. Ra7+ Ke6 56. Nb4 Bd6 57. Nd3 Be7 58. Ra1 Bd6 59. Nc1 Rd8 60. Kxb3 Bc5 61. Kc2 Be3 62. Nd3 Ke7 63. Ra6 Rd7 64. Ra5 Ke6 65. Ra1 Rd8 66. Rd1 Ra8 67. Nb4 Bc5 68. Nd5 Ra7 69. Rb1 Ke5 70. b4 Bf2 71. Kb2 f5 72. gxf5 g4 73. hxg4 h3 74. Rh1 Rh7 75. g5 Rh5 76. Nf6 Rxg5 77. Ng4+ Rxg4 78. fxg4 Kxe4 79. f6 1-0

[Event "New York Summer IM-C 2022"]
[Site "New York"]
[Date "2022.07.09"]
[Round "3.3"]
[White "Adewumi, Tanitoluwa"]
[Black "Poliannikov, Danila"]
[Result "1-0"]
[ECO "A65"]
[WhiteElo "2309"]
[BlackElo "2309"]
[Annotator "RC"]
[PlyCount "87"]
[EventDate "2022.07.08"]
[EventType "tourn"]
[EventCountry "USA"]
[SourceTitle "playchess.com"]
[Source "ChessBase"]
[SourceQuality "1"]
[TimeControl "5400+30"]

1. d4 Nf6 2. c4 c5 3. d5 e6 4. Nc3 exd5 5. cxd5 d6 6. e4 g6 7. Be2 Bg7 8. Be3 Qe7 9. f3 Na6 10. Qd2 O-O 11. h4 Nh5 12. Bf2 f5 13. exf5 gxf5 14. O-O-O Nc7 15. Nh3 b5 16. Bxc5 Rd8 17. Bd4 b4 18. Bxg7 Qxg7 19. Nb5 Ng3 20. Nxc7 Qxc7+ 21. Kb1 Nxh1 22. Rxh1 Qe7 23. Bd3 a5 24. Nf4 Bd7 25. Nh5 Qf7 26. g4 fxg4 27. fxg4 Kh8 28. Qh6 Bxg4 29. Nf6 Bf3 30. Rf1 Qg7 31. Qxg7+ Kxg7 32. Rxf3 Rf8 33. Nh5+ Kh6 34. Rxf8 Rxf8 35. Ng3 Rf3 36. Nf5+ Kg6 37. Kc2 Rxf5 38. Kb3 Kf6 39. Bxf5 Kxf5 40. Ka4 Kg4 41. Kb5 Kxh4 42. Kc6 h5 43. Kxd6 Kg4 44. Ke5 1-0

[Event "New York Summer IM-C 2022"]
[Site "New York"]
[Date "2022.07.09"]
[Round "3.4"]
[White "Nakada, Akira"]
[Black "Rozman, Levy"]
[Result "1-0"]
[ECO "A28"]
[WhiteElo "2297"]
[BlackElo "2333"]
[Annotator "RC"]
[PlyCount "55"]
[EventDate "2022.07.08"]
[EventType "tourn"]
[EventCountry "USA"]
[SourceTitle "playchess.com"]
[Source "ChessBase"]
[SourceQuality "1"]
[TimeControl "5400+30"]

1. c4 e5 2. Nc3 Nf6 3. Nf3 Nc6 4. e4 Bb4 5. d3 d6 6. a3 Bxc3+ 7. bxc3 h6 8. g3 O-O 9. Bg2 Ne7 10. O-O Ng6 11. Ne1 c6 12. Nc2 Bd7 13. a4 Qc8 14. Ba3 Rd8 15. f4 exf4 16. gxf4 Bh3 17. Qf3 Bg4 18. Qf2 d5 19. f5 Ne5 20. Qg3 Re8 21. d4 Nxc4 22. e5 Bxf5 23. exf6 g5 24. Bc1 Kh7 25. Ne3 Nxe3 26. Bxe3 Be4 27. Bh3 Qb8 28. Bf4 1-0

[Event "New York Summer IM-C 2022"]
[Site "New York"]
[Date "2022.07.09"]
[Round "3.5"]
[White "Martin Del Campo Cardenas, Roberto Abel"]
[Black "Asavasaetakul, Chawit"]
[Result "1/2-1/2"]
[ECO "B13"]
[WhiteElo "2245"]
[BlackElo "1948"]
[Annotator "RC"]
[PlyCount "28"]
[EventDate "2022.07.08"]
[EventType "tourn"]
[EventCountry "USA"]
[SourceTitle "playchess.com"]
[Source "ChessBase"]
[SourceQuality "1"]
[TimeControl "5400+30"]

1. e4 c6 2. d4 d5 3. exd5 cxd5 4. c4 Nf6 5. Nc3 Nc6 6. Nf3 Bg4 7. cxd5 Nxd5 8. Qb3 Bxf3 9. gxf3 e6 10. Qxb7 Nxd4 11. Bb5+ Nxb5 12. Qc6+ Ke7 13. Qxb5 Qd7 14. Nxd5+ Qxd5 1/2-1/2

[Event "New York Summer IM-C 2022"]
[Site "New York"]
[Date "2022.07.09"]
[Round "4.1"]
[White "Huston, Gus"]
[Black "Asavasaetakul, Chawit"]
[Result "1-0"]
[ECO "B19"]
[WhiteElo "2282"]
[BlackElo "1948"]
[Annotator "RC"]
[PlyCount "135"]
[EventDate "2022.07.08"]
[EventType "tourn"]
[EventCountry "USA"]
[SourceTitle "playchess.com"]
[Source "ChessBase"]
[SourceQuality "1"]
[TimeControl "5400+30"]

1. e4 c6 2. d4 d5 3. Nc3 dxe4 4. Nxe4 Bf5 5. Ng3 Bg6 6. Nf3 Nd7 7. h4 h6 8. h5 Bh7 9. Bd3 Bxd3 10. Qxd3 e6 11. Bf4 Qa5+ 12. Bd2 Bb4 13. c3 Be7 14. c4 Qc7 15. Qe2 Ngf6 16. Ne5 O-O 17. O-O c5 18. Nxd7 Qxd7 19. dxc5 Bxc5 20. Bc3 Bd4 21. Rad1 e5 22. Qf3 Qc6 23. Qxc6 bxc6 24. Bxd4 exd4 25. Rxd4 Rfe8 26. Rd6 c5 27. Rfd1 Kf8 28. f3 Re5 29. Rd8+ Rxd8 30. Rxd8+ Re8 31. Rxe8+ Kxe8 32. Kf2 Kd7 33. Ke3 Ke6 34. Ne4 Nd7 35. b3 f5 36. Nf2 Kf6 37. f4 Ke6 38. Nd3 Kd6 39. a3 a5 40. b4 cxb4 41. axb4 axb4 42. Nxb4 Nf6 43. Kd4 Nxh5 44. c5+ Ke6 45. Nd5 g5 46. c6 Kd6 47. c7 Kd7 48. fxg5 hxg5 49. Ke5 Ng3 50. Kf6 Ne4+ 51. Kxf5 Nd6+ 52. Ke5 g4 53. g3 Nf7+ 54. Kd4 Nd6 55. Kc5 Ne4+ 56. Kb6 Nd6 57. Nf6+ Kc8 58. Kc6 Nc4 59. Nd5 Ne5+ 60. Kd6 Nc4+ 61. Kc5 Ne5 62. Kd6 Nc4+ 63. Ke6 Nd2 64. Kf5 Nc4 65. Kxg4 Nd6 66. Kf4 Kd7 67. Ke5 Kc6 68. Ke6 1-0

[Event "New York Summer IM-C 2022"]
[Site "New York"]
[Date "2022.07.09"]
[Round "4.2"]
[White "Rozman, Levy"]
[Black "Martin Del Campo Cardenas, Roberto Abel"]
[Result "1-0"]
[ECO "A45"]
[WhiteElo "2333"]
[BlackElo "2245"]
[Annotator "RC"]
[PlyCount "83"]
[EventDate "2022.07.08"]
[EventType "tourn"]
[EventCountry "USA"]
[SourceTitle "playchess.com"]
[Source "ChessBase"]
[SourceQuality "1"]
[TimeControl "5400+30"]

1. d4 Nf6 2. Bg5 Ne4 3. Bf4 c5 4. f3 Qa5+ 5. c3 Nf6 6. d5 d6 7. e4 g6 8. Qd2 b5 9. a4 bxa4 10. Na3 Ba6 11. Nc4 Bxc4 12. Bxc4 Nbd7 13. Ne2 Bg7 14. b3 Nb6 15. Bd3 c4 16. b4 Qb5 17. Bc2 O-O 18. O-O Qd7 19. Be3 e6 20. dxe6 fxe6 21. Qd1 Qc7 22. Nd4 Rfe8 23. Nb5 Qc6 24. Bxa4 Nxa4 25. Qxa4 a6 26. Na7 Qxa4 27. Rxa4 Nd7 28. Rxa6 Bxc3 29. Rxd6 Ne5 30. Rb1 Rab8 31. b5 Rb7 32. Ra6 Nd3 33. Ra4 Nb2 34. Ra2 Ra8 35. b6 Nd3 36. Rc2 Ba5 37. h4 Raxa7 38. bxa7 Rxb1+ 39. Kh2 Bc7+ 40. g3 Ra1 41. Rxc4 Bd6 42. Rc8+ 1-0

[Event "New York Summer IM-C 2022"]
[Site "New York"]
[Date "2022.07.09"]
[Round "4.3"]
[White "Poliannikov, Danila"]
[Black "Nakada, Akira"]
[Result "1/2-1/2"]
[ECO "B11"]
[WhiteElo "2309"]
[BlackElo "2297"]
[Annotator "RC"]
[PlyCount "57"]
[EventDate "2022.07.08"]
[EventType "tourn"]
[EventCountry "USA"]
[SourceTitle "playchess.com"]
[Source "ChessBase"]
[SourceQuality "1"]
[TimeControl "5400+30"]

1. e4 c6 2. Nc3 d5 3. Nf3 dxe4 4. Nxe4 Nf6 5. Qe2 Nxe4 6. Qxe4 Nd7 7. d4 Nf6 8. Qf4 Qa5+ 9. Bd2 Qf5 10. Bd3 Qxf4 11. Bxf4 e6 12. c4 c5 13. O-O-O cxd4 14. Nxd4 Bd7 15. f3 Rc8 16. Kb1 Bc5 17. Nb3 Be7 18. g4 Ba4 19. Rc1 O-O 20. Be2 Bxb3 21. axb3 a5 22. Rhd1 Rfd8 23. Rxd8+ Rxd8 24. Bc7 Rd2 25. Rc2 Rxc2 26. Kxc2 Bb4 27. f4 Nd7 28. Bf3 Nc5 29. Bb6 1/2-1/2

[Event "New York Summer IM-C 2022"]
[Site "New York"]
[Date "2022.07.09"]
[Round "4.4"]
[White "Bortnyk, Mykola"]
[Black "Adewumi, Tanitoluwa"]
[Result "1/2-1/2"]
[ECO "B22"]
[WhiteElo "2463"]
[BlackElo "2309"]
[Annotator "RC"]
[PlyCount "90"]
[EventDate "2022.07.08"]
[EventType "tourn"]
[EventCountry "USA"]
[SourceTitle "playchess.com"]
[Source "ChessBase"]
[SourceQuality "1"]
[TimeControl "5400+30"]

1. e4 c5 2. c3 Nc6 3. d4 cxd4 4. cxd4 d5 5. exd5 Qxd5 6. Nf3 Bg4 7. Be2 Rd8 8. Nc3 Qa5 9. b4 Qxb4 10. Bd2 Bxf3 11. Bxf3 Qxd4 12. Rb1 Ne5 13. O-O e6 14. Rxb7 Bc5 15. Qe2 Nf6 16. Be3 Qxc3 17. Rc1 Nxf3+ 18. Qxf3 Qxc1+ 19. Bxc1 O-O 20. Be3 Bxe3 21. fxe3 a5 22. Rb5 Rd5 23. Rxd5 exd5 24. Qf4 Rc8 25. h3 h5 26. Kh2 Rc4 27. Qb8+ Kh7 28. Qa7 Ra4 29. Qb7 Kh6 30. Qb3 Re4 31. a4 Rb4 32. Qc2 h4 33. g3 hxg3+ 34. Kxg3 Rc4 35. Qd1 g6 36. Kg2 Kg7 37. Qa1 Re4 38. Kf2 Rh4 39. Ke2 Re4 40. Kd2 Rc4 41. Kd3 Rb4 42. Kc2 Re4 43. Kd3 Rb4 44. Qa2 Rc4 45. Qa1 Rb4 1/2-1/2